MLB
SEATTLE MARINERS @ HOUSTON ASTROS
09/22/2049
 
TOP OF THE 1ST
Seattle Mariners batting - Pitching for Houston Astros : LHP Mat Pear
Pitching: LHP Mat Pear
Batting: LHB Dae-ik Yoon 0-0: Called Strike
0-1: Ball
1-1: Ball
2-1: Foul Ball, location: 2F
2-2: Ball
3-2: Strikes out swinging
Batting: RHB Jose Vasquez 0-0: Foul Ball, location: 2F
0-1: Fly out, F7 (Flyball, 7S, EV 74.4 MPH)
Batting: RHB Pavpv Ivanushkin 0-0: Ball
1-0: Ball
2-0: SINGLE (Line Drive, 56, EV 97.5 MPH)
Batting: RHB Jimmy Hammertime 0-0: Called Strike
0-1: Foul Ball, location: 2F
0-2: Foul Ball, location: 2F
0-2: Foul Ball, location: 2F
0-2: Ball
1-2: Ball
2-2: Foul Ball, location: 2F
2-2: Foul Ball, location: 2F
2-2: Strikes out swinging
Top of the 1st over - 0 runs, 1 hit, 0 errors, 1 left on base; Seattle 0 - Houston 0
BOTTOM OF THE 1ST
Houston Astros batting - Pitching for Seattle Mariners : RHP William de Jesus
Pitching: RHP William de Jesus
Batting: LHB Josh Corkery 0-0: Called Strike
0-1: Foul Ball, location: 2F
0-2: Ball
1-2: Ball
2-2: Foul Ball, location: 2F
2-2: Ground out 4-3 (Groundball, 4, EV 103.1 MPH)
Batting: LHB Jack Christie 0-0: Called Strike
0-1: Called Strike
0-2: Foul Ball, location: 2F
0-2: Ground out 6-3 (Groundball, 6M, EV 93.8 MPH)
Batting: LHB Eric Katz 0-0: SINGLE (Flyball, 6MD, EV 85.6 MPH)
Batting: LHB Bob Govella 0-0: Fly out, F5 (Popup, 56, EV 75.6 MPH)
Bottom of the 1st over - 0 runs, 1 hit, 0 errors, 1 left on base; Seattle 0 - Houston 0
TOP OF THE 2ND
Seattle Mariners batting - Pitching for Houston Astros : LHP Mat Pear
Batting: LHB Jerrod Cluck 0-0: Foul Ball, location: 2F
0-1: Ball
1-1: Ball
2-1: Foul Ball, location: 2F
2-2: Foul Ball, location: 2F
2-2: Foul Ball, location: 2F
2-2: Ground out 4-3 (Groundball, 4M, EV 83.1 MPH)
Batting: RHB Brad Robidas 0-0: Bunt for hit to 3S - play at first, batter safe!
Batting: RHB Rick Ellis 0-0: Ball
1-0: Swinging Strike
1-1: Swinging Strike
1-2: Ball
2-2: SINGLE (Groundball, 4D, EV 100.6 MPH)
Brad Robidas to second
Runner from 2nd tries for 3rd, SAFE, throw by CF made to third
Batting: RHB Young-kwang Ohnn 0-0: Ball
1-0: Fielders Choice at 2nd, 5-4 (Groundball, 56, EV 77.5 MPH)
Brad Robidas scores
Batting: RHB Max Schellekens 0-0: Ball
1-0: Foul Ball, location: 2F
1-1: Foul Ball, location: 2F
1-2: Strikes out swinging
Top of the 2nd over - 1 run, 2 hits, 0 errors, 1 left on base; Seattle 1 - Houston 0
BOTTOM OF THE 2ND
Houston Astros batting - Pitching for Seattle Mariners : RHP William de Jesus
Batting: SHB Joe Gardner 0-0: Foul Ball, location: 2F
0-1: Ball
1-1: Ball
2-1: Ball
3-1: Base on Balls
Batting: LHB Mark Dearth 0-0: SINGLE (Line Drive, 9S, EV 88.1 MPH)
Joe Gardner to second
Runner from 2nd tries for 3rd, SAFE, throw by RF made to third
Batting: RHB Eric Chotkowski 0-0: Fly out, F9 (Flyball, 9, EV 91.2 MPH)
Runner from 3rd tags up, SCORES, no throw by RF
Batting: SHB Paskar Adegoke 0-0: Ball
1-0: Swinging Strike
1-1: Ball
2-1: Called Strike
2-2: Ball
3-2: Base on Balls
Mark Dearth to second
Batting: RHB Kyle Davis 0-0: Swinging Strike
0-1: Ball
1-1: Foul Ball, location: 2F
1-2: Ball
2-2: Foul Ball, location: 2F
2-2: Ball
3-2: Strikes out swinging
Batting: LHB Josh Corkery 0-0: Called Strike
0-1: Foul Ball, location: 2F
0-2: Strikes out swinging
Bottom of the 2nd over - 1 run, 1 hit, 0 errors, 2 left on base; Seattle 1 - Houston 1
TOP OF THE 3RD
Seattle Mariners batting - Pitching for Houston Astros : LHP Mat Pear
Batting: LHB Dae-ik Yoon 0-0: Called Strike
0-1: Ball
1-1: Ball
2-1: Called Strike
2-2: Ball
3-2: SINGLE (Line Drive, 78S, EV 103.8 MPH)
Batting: RHB Jose Vasquez 0-0: Called Strike
0-1: Ball
1-1: Called Strike
1-2: Foul Ball, location: 2F
1-2: Foul Ball, location: 2F
1-2: Foul Ball, location: 2F
1-2: Grounds into double play, 6-4-3 (Groundball, 56, EV 85.6 MPH)
Batting: RHB Pavpv Ivanushkin 0-0: Foul Ball, location: 2F
0-1: Ball
1-1: Ball
2-1: Fly out, F8 (Flyball, 78M, EV 88.8 MPH)
Top of the 3rd over - 0 runs, 1 hit, 0 errors, 0 left on base; Seattle 1 - Houston 1
BOTTOM OF THE 3RD
Houston Astros batting - Pitching for Seattle Mariners : RHP William de Jesus
Batting: LHB Jack Christie 0-0: Foul Ball, location: 2F
0-1: Foul Ball, location: 2F
0-2: Foul Ball, location: 2F
0-2: Strikes out swinging, 2-3 out at first.
Batting: LHB Eric Katz 0-0: Called Strike
0-1: Swinging Strike
0-2: Ball
1-2: Foul Ball, location: 2F
1-2: Ball
2-2: Fly out, F8 (Line Drive, 78M, EV 88.8 MPH)
Batting: LHB Bob Govella 0-0: Ball
1-0: Ground out 4-3 (Groundball, 4, EV 105.0 MPH)
Bottom of the 3rd over - 0 runs, 0 hits, 0 errors, 0 left on base; Seattle 1 - Houston 1
TOP OF THE 4TH
Seattle Mariners batting - Pitching for Houston Astros : LHP Mat Pear
Batting: RHB Jimmy Hammertime 0-0: Foul Ball, location: 2F
0-1: Foul Ball, location: 2F
0-2: Foul Ball, location: 2F
0-2: Strikes out looking
Batting: LHB Jerrod Cluck 0-0: Ball
1-0: Ball
2-0: Ball
3-0: TRIPLE (Line Drive, 9LD, EV 107.5 MPH)
Batting: RHB Brad Robidas 0-0: Ball
1-0: Ball
2-0: Ball
3-0: Called Strike
3-1: Foul Ball, location: 2F
3-2: Foul Ball, location: 2F
3-2: Ground out 6-3 (Groundball, 6, EV 85.0 MPH)
Jerrod Cluck scores
Batting: RHB Rick Ellis 0-0: Called Strike
0-1: Ball
1-1: Ball
2-1: Called Strike
2-2: Ball
3-2: Reached on error, E5 (Groundball, 5L, EV 106.2 MPH)
Batting: RHB Young-kwang Ohnn 0-0: Foul Ball, location: 2F
0-1: Swinging Strike
0-2: Fly out, F3 (Popup, 3S, EV 83.8 MPH)
Top of the 4th over - 1 run, 1 hit, 1 error, 1 left on base; Seattle 2 - Houston 1
BOTTOM OF THE 4TH
Houston Astros batting - Pitching for Seattle Mariners : RHP William de Jesus
Batting: SHB Joe Gardner 0-0: Ground out 5-3 (Groundball, 6, EV 93.1 MPH)
Batting: LHB Mark Dearth 0-0: Ball
1-0: Swinging Strike
1-1: Called Strike
1-2: Strikes out swinging
Batting: RHB Eric Chotkowski 0-0: Ball
1-0: Ball
2-0: Swinging Strike
2-1: Ball
3-1: Called Strike
3-2: Base on Balls
Batting: SHB Paskar Adegoke Pickoff Throw to First - Out! 1-3
Bottom of the 4th over - 0 runs, 0 hits, 0 errors, 0 left on base; Seattle 2 - Houston 1
TOP OF THE 5TH
Seattle Mariners batting - Pitching for Houston Astros : LHP Mat Pear
Batting: RHB Max Schellekens 0-0: Ball
1-0: Foul Ball, location: 2F
1-1: Ball
2-1: Ball
3-1: Called Strike
3-2: Foul Ball, location: 2F
3-2: Strikes out looking
Batting: LHB Dae-ik Yoon 0-0: Called Strike
0-1: Ball
1-1: Swinging Strike
1-2: Strikes out looking
Batting: RHB Jose Vasquez 0-0: Fly out, F4 (Popup, 4, EV 67.5 MPH)
Top of the 5th over - 0 runs, 0 hits, 0 errors, 0 left on base; Seattle 2 - Houston 1
BOTTOM OF THE 5TH
Houston Astros batting - Pitching for Seattle Mariners : RHP William de Jesus
Batting: SHB Paskar Adegoke 0-0: Fly out, F7 (Line Drive, 7LM, EV 102.5 MPH)
Batting: RHB Kyle Davis 0-0: Ball
1-0: Ball
2-0: Fly out, F9 (Flyball, 89S, EV 82.5 MPH)
Batting: LHB Josh Corkery 0-0: Swinging Strike
0-1: Ball
1-1: Foul Ball, location: 2F
1-2: Ball
2-2: Ball
3-2: Ground out 4-3 (Groundball, 4, EV 90.0 MPH)
Bottom of the 5th over - 0 runs, 0 hits, 0 errors, 0 left on base; Seattle 2 - Houston 1
TOP OF THE 6TH
Seattle Mariners batting - Pitching for Houston Astros : LHP Mat Pear
Batting: RHB Pavpv Ivanushkin 0-0: SINGLE (Groundball, 56, EV 87.5 MPH) (infield hit)
Batting: RHB Jimmy Hammertime 0-0: Ball
1-0: Called Strike
1-1: Ball
2-1: Called Strike
2-2: Strikes out swinging
Batting: LHB Jerrod Cluck 0-0: Ball
1-0: Called Strike
1-1: Ball
2-1: Fly out, F8 (Flyball, 8LS, EV 73.1 MPH)
Batting: RHB Brad Robidas 0-0: Ball
1-0: Swinging Strike
1-1: Ball
2-1: Fly out, F8 (Line Drive, 8RM, EV 90.6 MPH)
Top of the 6th over - 0 runs, 1 hit, 0 errors, 1 left on base; Seattle 2 - Houston 1
BOTTOM OF THE 6TH
Houston Astros batting - Pitching for Seattle Mariners : RHP William de Jesus
Batting: LHB Jack Christie 0-0: Ball
1-0: Ball
2-0: DOUBLE (Line Drive, 8LXD, EV 106.2 MPH)
Batting: LHB Eric Katz 0-0: Ball
1-0: Called Strike
1-1: Foul Ball, location: 2F
1-2: Foul Ball, location: 2F
1-2: Ground out 1-3 (Groundball, 13S, EV 73.1 MPH)
Jack Christie to third
Batting: LHB Bob Govella 0-0: Ball
1-0: Foul Ball, location: 2F
1-1: Ball
2-1: Swinging Strike
2-2: Strikes out looking
Batting: SHB Joe Gardner 0-0: Ball
1-0: Ball
2-0: Ball
3-0: Called Strike
3-1: Base on Balls
Batting: LHB Mark Dearth 0-0: Fielders Choice at 2nd, 6-4 (Groundball, 4M, EV 83.8 MPH)
Bottom of the 6th over - 0 runs, 1 hit, 0 errors, 2 left on base; Seattle 2 - Houston 1
TOP OF THE 7TH
Seattle Mariners batting - Pitching for Houston Astros : LHP Mat Pear
Batting: RHB Rick Ellis 0-0: Ball
1-0: Fly out, F9 (Flyball, 89M, EV 82.5 MPH)
Pitching: RHP Aaron Shapiro
Batting: RHB Young-kwang Ohnn 0-0: Ball
1-0: Fly out, F8 (Flyball, 8LM, EV 77.5 MPH)
Batting: RHB Max Schellekens 0-0: Ball
1-0: Fly out, F7 (Flyball, 7, EV 83.8 MPH)
Top of the 7th over - 0 runs, 0 hits, 0 errors, 0 left on base; Seattle 2 - Houston 1
BOTTOM OF THE 7TH
Houston Astros batting - Pitching for Seattle Mariners : RHP William de Jesus
Now at 2B: Malik Brookshire
Now at 3B: Rick Ellis
Batting: RHB Eric Chotkowski 0-0: Ball
1-0: Called Strike
1-1: Called Strike
1-2: SINGLE (Flyball, 56D, EV 92.5 MPH)
Pitching: RHP Willie Sanchez
Batting: SHB Paskar Adegoke 0-0: Called Strike
0-1: Called Strike
0-2: Ball
1-2: Strikes out swinging
Batting: RHB Kyle Davis 0-0: Called Strike
0-1: Swinging Strike
0-2: Strikes out swinging
Batting: LHB Josh Corkery 0-0: Ball
1-0: Swinging Strike
1-1: Ball
2-1: Ball
3-1: Base on Balls
Eric Chotkowski to second
Batting: LHB Jack Christie 0-0: Swinging Strike
0-1: Ball
1-1: Ball
2-1: Ball
3-1: Base on Balls
Eric Chotkowski to third
Josh Corkery to second
Batting: LHB Eric Katz 0-0: Called Strike
0-1: Foul Ball, location: 2F
0-2: Ball
1-2: Ball
2-2: Fly out, F8 (Flyball, 8LXD, EV 105.0 MPH)
Bottom of the 7th over - 0 runs, 1 hit, 0 errors, 3 left on base; Seattle 2 - Houston 1
TOP OF THE 8TH
Seattle Mariners batting - Pitching for Houston Astros : RHP Aaron Shapiro
Batting: LHB Dae-ik Yoon 0-0: Ball
1-0: Foul Ball, location: 2F
1-1: Ball
2-1: Foul Ball, location: 2F
2-2: Fly out, F8 (Line Drive, 8LD, EV 95.0 MPH)
Batting: RHB Jose Vasquez 0-0: Ball
1-0: Called Strike
1-1: Ball
2-1: Ball
3-1: Called Strike
3-2: Ground out 5-3 (Groundball, 56, EV 93.8 MPH)
Batting: RHB Pavpv Ivanushkin 0-0: Swinging Strike
0-1: Fly out, F7 (Flyball, 7, EV 91.9 MPH)
Top of the 8th over - 0 runs, 0 hits, 0 errors, 0 left on base; Seattle 2 - Houston 1
BOTTOM OF THE 8TH
Houston Astros batting - Pitching for Seattle Mariners : RHP Willie Sanchez
Pitching: RHP Justin Lee
Batting: LHB Bob Govella 0-0: Ball
1-0: Ground out 4-3 (Groundball, 34, EV 103.8 MPH)
Batting: SHB Joe Gardner 0-0: Ball
1-0: Fly out, F9 (Flyball, 89D, EV 98.1 MPH)
Batting: LHB Mark Dearth 0-0: Ball
1-0: Ball
2-0: Fly out, F9 (Flyball, 9LD, EV 80.6 MPH)
Bottom of the 8th over - 0 runs, 0 hits, 0 errors, 0 left on base; Seattle 2 - Houston 1
TOP OF THE 9TH
Seattle Mariners batting - Pitching for Houston Astros : RHP Aaron Shapiro
Batting: RHB Malik Brookshire 0-0: SINGLE (Groundball, 6MD, EV 103.1 MPH)
Batting: LHB Jerrod Cluck 0-0: Called Strike
Malik Brookshire steals 2nd base
0-1: Foul Ball, location: 2F
0-2: Strikes out swinging
Batting: RHB Brad Robidas 0-0: Ball
1-0: Foul Ball, location: 2F
1-1: Foul Ball, location: 2F
1-2: Ground out 6-3 (Groundball, 6, EV 79.4 MPH)
Malik Brookshire to third
Batting: RHB Rick Ellis 0-0: Fly out, F9 (Flyball, 9, EV 91.9 MPH)
Top of the 9th over - 0 runs, 1 hit, 0 errors, 1 left on base; Seattle 2 - Houston 1
BOTTOM OF THE 9TH
Houston Astros batting - Pitching for Seattle Mariners : RHP Justin Lee
Batting: RHB Eric Chotkowski 0-0: Called Strike
0-1: Ball
1-1: Foul Ball, location: 2F
1-2: Ball
2-2: Ball
3-2: Fly out, F2 (Popup, 2LF, EV 95.6 MPH)
Batting: SHB Paskar Adegoke 0-0: Foul Ball, location: 2F
0-1: Ball
1-1: Called Strike
1-2: Ball
2-2: Foul Ball, location: 2F
2-2: Foul Ball, location: 2F
2-2: Foul Ball, location: 2F
2-2: Foul Ball, location: 2F
2-2: Strikes out looking
Pinch Hitting: LHB Bryce Hill 0-0: Ball
1-0: Called Strike
1-1: Ball
2-1: Swinging Strike
2-2: Foul Ball, location: 2F
2-2: Foul Ball, location: 2F
2-2: Fly out, F8 (Flyball, 8RXD, EV 92.5 MPH)
Bottom of the 9th over - 0 runs, 0 hits, 0 errors, 0 left on base; Seattle 2 - Houston 1
Sunday, July 16th , 2023 - OOTP Baseball 24.6 Build 69